 Dungeon Crawl Stone Soup version 0.21.1-72-gffa868e0fe (webtiles) character file.

778 Raybro228 the Cleaver (level 7, -5/58 HPs)
             Began as a Minotaur Berserker on Aug 4, 2018.
             Was an Elder of Trog.
             Slain by a gnoll
             ... wielding a +0 spear
              (8 damage)
             ... on level 5 of the Dungeon.
             The game lasted 00:14:46 (3366 turns).

Raybro228 the Cleaver (Minotaur Berserker)          Turns: 3366, Time: 00:14:46

Health: -5/58      AC:  2    Str: 23    XL:     7   Next: 54%
Magic:  7/7        EV: 12    Int:  4    God:    Trog [****..]
Gold:   263        SH:  0    Dex: 10    Spells: 6/6 levels left

rFire    . . .     SeeInvis .   a - +0 hand axe
rCold    . . .     Gourm    .   (no shield)
rNeg     . . .     Faith    .   b - +0 animal skin
rPois    .         Spirit   .   (helmet restricted)
rElec    .         Reflect  .   (no cloak)
rCorr    .         Harm     .   (no gloves)
MR       .....                  (no boots)
Stlth    +.........             (no amulet)
HPRegen  0.19/turn              (no ring)
MPRegen  0.10/turn              (no ring)

@: no status effects
A: retaliatory headbutt, horns 2
a: Berserk, Trog's Hand, Brothers in Arms, Burn Spellbooks, Renounce Religion


You were on level 5 of the Dungeon.
You worshipped Trog.
Trog was greatly pleased with you.
You were not hungry.

You visited 1 branch of the dungeon, and saw 5 of its levels.

You collected 263 gold pieces.

Inventory:

Hand Weapons
 a - a +0 hand axe (weapon)
Armour
 b - a +0 animal skin (worn)
Jewellery
 k - an uncursed ring of stealth {unknown}
 l - a +2 ring of evasion {unknown}
 r - an uncursed ring of protection from fire {unknown}
Wands
 q - a wand of random effects (14)
Scrolls
 d - a scroll of fear
 h - 4 scrolls of immolation
 i - a scroll of magic mapping {unknown}
 j - a scroll of random uselessness
 m - a scroll of teleportation
 o - 3 scrolls of remove curse {unknown}
 p - a scroll of enchant weapon {unknown}
Potions
 e - 3 potions of curing
 f - a potion of invisibility {unknown}
 g - a potion of might {unknown}
 n - a potion of haste {unknown}
Comestibles
 c - 13 rations
 s - a chunk of flesh


   Skills:
 - Level 3.8 Fighting
 - Level 9.7 Axes
 + Level 3.9 Armour
 - Level 2.2 Dodging
 + Level 2.0 Evocations


You had 6 spell levels left.
You didn't know any spells.

Dungeon Overview and Level Annotations

Branches:
Dungeon (5/15)
 Temple: D:4-7

Altars:
Ashenzari
Vehumet

Shops:
D:5 =


Innate Abilities, Weirdness & Mutations

You reflexively headbutt those who attack you in melee.
You have a pair of horns on your head.


Message History

There are monsters nearby!
You feel better. The gnoll hits you with a spear! The gnoll closely misses you.
The gnoll hits you from afar with a spear.
* * * LOW HITPOINT WARNING * * *
You closely miss the gnoll. You headbutt the gnoll.
You kill the gnoll!
Trog accepts your kill.
Your Evocations skill increases to level 2!
The gnoll barely misses you.
You closely miss the gnoll. You headbutt the gnoll.
The gnoll is lightly wounded.
The gnoll hits you but does no damage.
The gnoll hits you from afar with a halberd!
* * * LOW HITPOINT WARNING * * *
You slash the gnoll!
The gnoll is heavily wounded.
The gnoll drinks a potion.
The gnoll is healed!
You are no longer glowing.
The gnoll hits you from afar with a spear!
You die...

#. #.## ##.# #.#
#.# # #.## ##.#
....##.## ##.## #
.........###.## #
####.####..<## #
#.# ##.## # #.#
#.# # ########.#
#@# ###.....##g#
#.# .##.###.##.#
###g#
......#.##g#
#.gg#
.##.#.#.##.#
#.###
.##...>.##g# #.#
.####.####.# #.#
.##.......g###g##
.....#..........#


You could see 3 gnolls.

Vanquished Creatures
  The ghost of Silim the Slasher, an amateur NaFi (D:3)
  2 ogres
  A howler monkey (D:5)
  2 hounds (D:4)
  2 orc priests
  A gnoll shaman (D:5)
  An iguana (D:4)
  3 worker ants (D:4)
  2 hound skeletons (D:4)
  A gnoll (D:5)
  7 adders
  A shadow imp (D:3)
  An ooze (D:3)
  5 worms
  2 dart slugs (D:1)
  A leopard gecko (D:1)
  13 orcs
  11 bats
  4 giant cockroaches
  8 goblins
  10 hobgoblins
  7 jackals
  2 quokkas
  2 ball pythons
  3 frilled lizards
  A kobold (D:1)
  2 leopard gecko skeletons
  9 rats
105 creatures vanquished.

Notes
Turn   | Place    | Note
-------+----------+-------------------------------------------
     0 | D:1      | Raybro228 the Minotaur Berserker began the quest for the Orb.
     0 | D:1      | Reached XP level 1. HP: 19/19 MP: 0/0
    26 | D:1      | Reached skill level 4 in Axes
    46 | D:1      | Reached XP level 2. HP: 25/27 MP: 1/1
   185 | D:1      | Reached ** piety under Trog
   208 | D:1      | Reached XP level 3. HP: 28/33 MP: 2/2
   458 | D:2      | Reached skill level 5 in Axes
   611 | D:2      | Reached XP level 4. HP: 40/40 MP: 3/3
   650 | D:2      | Reached skill level 6 in Axes
   895 | D:3      | Noticed Silim's ghost (amateur NaFi)
   913 | D:3      | Killed Silim's ghost
   913 | D:3      | Reached skill level 7 in Axes
   913 | D:3      | Reached XP level 5. HP: 12/46 MP: 4/4
  1276 | D:3      | Found a shattered altar of Ashenzari.
  1346 | D:3      | Reached *** piety under Trog
  1858 | D:4      | Reached skill level 8 in Axes
  1858 | D:4      | Reached XP level 6. HP: 25/52 MP: 5/5
  2301 | D:4      | Reached skill level 9 in Axes
  2608 | D:4      | Found a radiant altar of Vehumet.
  2699 | D:4      | Reached XP level 7. HP: 58/58 MP: 6/6
  2781 | D:5      | Entered Level 5 of the Dungeon
  2906 | D:5      | Reached **** piety under Trog
  2919 | D:5      | Reached skill level 1 in Evocations
  3185 | D:5      | Found Zisuje's Jewellery Boutique.
  3364 | D:5      | HP: 2/58 [gnoll/halberd (12)]
  3366 | D:5      | Slain by a gnoll

Skill      XL: |  1  2  3  4  5  6  7 |
---------------+----------------------+-----
Axes           | 4 5 7 8 9 |  9.7
Armour         | 3 |  3.9
Evocations     | 2 |  2.0
Fighting       | |  3.8
Dodging        | |  2.2

Action                   |  1- 3 |  4- 6 |  7- 9 || total
-------------------------+-------+-------+-------++-------
Melee: Hand axe          |    51 |   156 |    33 ||   240
       Headbutt          |     4 |    37 |    10 ||    51
Invok: Berserk           |       |     2 |     1 ||     3
       Burn Spellbooks   |       |     1 |       ||     1
  Use: Scroll            |       |     5 |       ||     5
       Potion            |       |       |     2 ||     2
  Eat: Ration            |       |     1 |       ||     1
       Chunk             |       |     3 |     4 ||     7
Armor: Animal skin       |     9 |    22 |     3 ||    34
Dodge: Dodged            |    34 |    93 |    21 ||   148
